Map: Chain of Ascension

Players

MattBarry

  • Race: Zerg Zerg

Alebay

  • Race: Protoss Protoss
  • Spawn Location: 11:00

VOD

Have the link to the VOD?

Description

Time

  • Played on: Jan. 5, 2023, 12:23 a.m.
  • Length: 14:34
Show
View Real Time Build Order
Export as new Build Order

MattBarry Zerg 

Build Orders:  

Get SALT Encoding   

  18  0:03  Primal Drone  
  19  0:11  Primal Drone  
  19  0:19  Primal Drone  
  21  0:33  Primal Drone  
  23  0:50  Primal Warden  
  23  0:55  Primal Drone  
  23  0:59  Extractor  
  24  1:30  Primal Drone  
  25  1:55  Primal Drone  
  25  1:56  Primal Drone  
  27  2:13  Primal Drone  
  28  2:23  Primal Drone  
  29  3:04  Primal Warden  
  30  3:11  Primal Attacks Level 1  
  30  3:14  Primal Drone  
  30  3:16  Primal Drone  
  30  3:18  Extractor  
  32  3:27  Primal Warden  
  33  3:49  Primal Warden  
  34  3:51  Primal Drone x2  
  34  3:52  Primal Drone x3  
  39  4:16  Glevig's Den  
  38  4:29  Primal Zergling x3  
  41  4:30  Primal Zergling x2  
  41  4:31  Primal Zergling x3  
  46  5:15  Primal Drone  
  46  5:16  Primal Drone x2  
  46  5:17  Primal Drone  
  50  5:33  Primal Drone x2  
  49  6:17  Primal Roach  
  49  6:18  Primal Roach x13  
  72  7:39  Primal Igniter x2  
  44  8:55  Primal Roach  
  44  8:56  Primal Roach x8  
  44  8:57  Primal Roach x11  
  84  9:07  Murvar's Den  
  84  9:09  Primal Wurm  
  84  9:35  Primal Igniter x3  
  84  9:36  Primal Igniter x3  
  78  10:07  Primal Hive  
  83  10:35  Primal Hydralisk  
  83  10:36  Primal Hydralisk x6  
  83  10:37  Primal Hydralisk  
  99  11:19  Dakrun's Den  
  50  12:39  Explosive Spores  
  50  12:47  Primal Drone x5  
  55  13:17  Primal Hive  
  60  13:36  Primal Warden  
  60  13:37  Primal Warden  
  60  13:38  Primal Warden  
  60  13:40  Primal Warden  
  60  13:41  Primal Roach x7  
  60  13:42  Primal Roach x6  
Show
View Real Time Build Order
Export as new Build Order

Alebay Protoss 

Build Orders:  

Get SALT Encoding   

  12  0:02  Probe (Chrono Boost)  
  13  0:16  Probe (Chrono Boost)  
  14  0:27  Pylon  
  14  0:30  Probe (Chrono Boost)  
  15  0:52  Probe (Chrono Boost)  
  15  0:56  Gateway  
  16  1:06  Probe (Chrono Boost)  
  16  1:07  Assimilator  
  17  1:19  Probe (Chrono Boost)  
  17  1:28  Pylon  
  18  1:33  Probe (Chrono Boost)  
  19  1:42  Forge  
  19  1:47  Probe (Chrono Boost)  
  20  1:54  Assimilator  
  20  2:01  Probe (Chrono Boost)  
  21  2:17  Cybernetics Core  
  21  2:18  Probe (Chrono Boost)  
  22  2:31  Probe (Chrono Boost)  
  22  2:33  Supplicant x2  
  27  2:45  Probe (Chrono Boost)  
  27  2:48  Pylon  
  28  2:59  Probe (Chrono Boost)  
  29  3:13  Probe (Chrono Boost)  
  29  3:19  Robotics Facility  
  30  3:27  Probe (Chrono Boost)  
  31  3:33  Pylon  
  31  3:41  Warp Gate  
  31  3:44  Protoss Air Weapons Level 1, Protoss Ground Weapons Level 1  
  31  3:56  Slayer  
  33  4:26  Vanguard  
  35  5:08  Supplicant x2  
  33  6:21  Supplicant x2  
  33  6:24  Vanguard  
  41  6:32  Pylon  
  41  6:33  Pylon  
  41  6:50  Supplicant x2  
  45  7:19  Vanguard  
  47  7:43  Supplicant x2  
  27  9:21  Vanguard  
  31  9:30  Gateway  
  31  9:32  Gateway  
  31  9:35  Gateway  
  31  9:38  Gateway  
  31  9:43  Pylon  
  31  9:45  Pylon  
  31  9:49  Pylon  
  31  9:52  Robotics Bay  
  31  9:59  Robotics Facility  
  31  10:07  Supplicant x2  
  35  10:16  Vanguard  
  39  10:37  Probe (Chrono Boost)  
  40  10:58  Supplicant x4, Nexus  
  40  10:59  Supplicant x6  
  60  11:10  Vanguard  
  62  11:32  Pylon  
  62  11:37  Pylon  
  54  12:25  Supplicant x2  
  54  12:26  Supplicant x4  
  54  12:27  Supplicant x4  
  52  13:08  Slayer x2  
  52  13:10  Supplicant x4  
  52  13:11  Probe (Chrono Boost)  
  52  13:17  Probe (Chrono Boost)  
Tags
 
Add a new tag
Caveats
  • Supply blocks, unpowered buildings, or Contaminate may cause inaccurate times.
  • Supply counts are checked every 10 seconds.